 Dungeon Crawl Stone Soup version 0.31-a0-844-gdc52ec4e09 (webtiles) character file.

Game seed: 5922414038132095929

133 dialectric the Poker (level 5, -1/54 HPs)
             Began as an Octopode Berserker on Sept 30, 2023.
             Was a Believer of Trog.
             Slain by an ice beast (11 damage)
             ... on level 3 of the Dungeon.
             The game lasted 00:01:45 (1945 turns).

dialectric the Poker (Octopode Berserker)           Turns: 1945, Time: 00:01:46

Health: -1/54      AC:  1    Str: 19    XL:     5   Next: 16%
Magic:  5/5        EV: 13    Int:  9    God:    Trog [**....]
Gold:   80         SH:  0    Dex: 11    Spells: 4/4 levels left

rFire   . . .        a - +0 spear
rCold   . . .        (no shield)
rNeg    . . .        (helmet restricted)
rPois   .            (no amulet)
rElec   .            (no ring)
rCorr   .            (no ring)
SInv    .            (no ring)
Will    .....        (no ring) Stlth
                     (no ring)
HPRegen 0.29/turn    (no ring)
MPRegen 0.09/turn    (no ring)
                     (no ring)

%: no passive effects
@: berserking, very quick
A: almost no armour, amphibious, 8 rings, camouflage 1, gelatinous body 1,
(nimble swimmer 1), tentacles
a: Renounce Religion, Berserk, Trog's Hand


You were on level 3 of the Dungeon.
You worshipped Trog.
Trog was pleased with you.
You visited 1 branch of the dungeon, and saw 3 of its levels.

You collected 80 gold pieces.

Inventory:

Hand Weapons
 a - a +0 spear (weapon)
Armour
 g - an orb of wrath
Talismans
 e - a flux talisman
Scrolls
 b - 4 scrolls of identify {unknown}
 c - a scroll of teleportation {unknown}
 d - a scroll of blinking {unknown}
 f - a scroll of fog {unknown}
 h - a scroll of revelation {unknown}
Potions
 i - a potion of enlightenment {unknown}
 j - a potion of mutation {unknown}


   Skills:
 + Level 3.6 Fighting
 + Level 4.2 Polearms
 + Level 3.5 Dodging
 + Level 3.3 Stealth


You had 4 spell levels left.
You didn't know any spells.
Your spell library was empty.

Dungeon Overview and Level Annotations

Branches:
Dungeon (3/15)

Altars:


Innate Abilities, Weirdness & Mutations

You cannot wear most types of armour.
You are amphibious.
You can wear up to eight rings at the same time.
Your skin changes colour to match your surroundings (Stealth+).
Your rubbery body absorbs attacks. (AC +1, EV +1)
((You are camouflaged when in or above water. (Stealth+)))
You have tentacles for arms and can constrict up to eight enemies at once.


Message History

No target in view!
An adder comes into view.
An adder is nearby!
You reach to attack!
The helpless adder fails to defend itself.
You puncture the adder!
The adder is severely wounded.
An adder is nearby!
An adder is nearby!
You hit the adder but do no damage. Your grab misses the adder.
You squeeze the adder.
You kill the adder!
Trog accepts your kill.
No target in view!
You open the door.
An ice beast comes into view.
An ice beast is nearby!
An ice beast is nearby!
You reach to attack!
You barely miss the ice beast. You hit the ice beast but do no damage.
The ice beast closely misses you.
You hit the ice beast. Your squeeze misses the ice beast.
The ice beast is lightly wounded.
You hit the ice beast. Your squeeze misses the ice beast.
The ice beast is lightly wounded.
The ice beast hits you. The ice beast freezes you!
You hit the ice beast. Your squeeze misses the ice beast.
The ice beast is lightly wounded.
The ice beast closely misses you.
You hit the ice beast. Your squeeze misses the ice beast.
The ice beast is moderately wounded.
The ice beast hits you. The ice beast freezes you!
* * * LOW HITPOINT WARNING * * *
You are too injured to fight recklessly!
You are too injured to fight recklessly!
Unknown command.
A red film seems to cover your vision as you go berserk!
You feel yourself moving faster!
You feel mighty! The ice beast hits you.
* * * LOW HITPOINT WARNING * * *
The ice beast freezes you!
You die...

### #.## ... #.####.# ####
#......# ...# #Y.#####.###
...######## ###.@.........
...##.....# #......###....
...##.....# #......# .
###.......# #......# #........# .
#.......# #......# #........##.
#.......# #......# #........#..
#.......###......###........#..
###........##......'.............
...........##......######........


You could see an ice beast.

Vanquished Creatures
  3 gnolls (D:2)
  5 adders
  3 dart slugs
  5 bats
  6 endoplasms
  A giant cockroach (D:1)
  4 goblins
  5 hobgoblins
  4 jackals (D:2)
  4 kobolds
  2 quokkas
  2 ball pythons (D:2)
  9 rats
53 creatures vanquished.

Notes
Turn   | Place    | Note
-------+----------+-------------------------------------------
     0 | D:1      | dialectric the Octopode Berserker began the quest for the
                  | Orb.
     0 | D:1      | Reached XP level 1. HP: 16/16 MP: 1/1
   150 | D:1      | Reached XP level 2. HP: 21/21 MP: 2/2
   382 | D:1      | Reached skill level 1 in Stealth
   604 | D:2      | Reached XP level 3. HP: 23/26 MP: 3/3
   792 | D:2      | Reached ** piety under Trog
   943 | D:2      | Reached XP level 4. HP: 28/31 MP: 4/4
  1269 | D:3      | Reached skill level 4 in Polearms
  1469 | D:3      | Reached XP level 5. HP: 21/36 MP: 5/5
  1794 | D:3      | Identified the +6 longbow "Piorar" {flame, rC+ Dex+4}
  1934 | D:3      | Noticed an ice beast
  1945 | D:3      | Slain by an ice beast

Illustrated notes

Levels and vault maps discovered:
D:1:      nzn_arrival_depleted_hourglass, layout_rooms, serial_rivers,
          chequers_serial_rivers_marsh, chequers_serial_rivers_small_3,
          chequers_serial_rivers_micro_b, chequers_serial_rivers_large_a
D:2:      minmay_wonky_spiral, layout_loops_ring, serial_glass, glass_columns_b,
          glass_columns_a
D:3:      layout_basic

Skill      XL: |  1  2  3  4 |
---------------+-------------+-----
Stealth        | 1 2 3 |  3.3
Polearms       | 4 |  4.2
Fighting       | |  3.6
Dodging        | |  3.5

Action                     |  1- 3 |  4- 6 || total
---------------------------+-------+-------++-------
  Melee: Spear             |    74 |    60 ||   134
         Constrict         |    14 |     6 ||    20
         Tentacles         |     9 |     5 ||    14
 Invoke: Berserk           |       |     1 ||     1
   Stab: Sleeping          |     9 |    11 ||    20
         Distracted        |     1 |       ||     1
 Armour: Skin              |    15 |    12 ||    27
  Dodge: Dodged            |    24 |    15 ||    39

Table legend: (Time is in decaauts)
 A = Elapsed time spent in this place.
 B = Non-inter-level travel time spent in this place.
 C = Inter-level travel time spent in this place.
 D = Time resting spent in this place.
 E = Time spent auto-exploring this place.
 F = Levels seen in this place.
 G = Mean time per level.
                   A        B        C        D        E       F      G
               +--------+--------+--------+--------+--------+-----+--------+
         Total |   1933 |   1891 |     42 |      8 |   1563 |   3 |  644.3 |
       Dungeon |   1933 |   1891 |     42 |      8 |   1563 |   3 |  644.3 |
               +--------+--------+--------+--------+--------+-----+--------+

Top non-repeatable levels by time:
     D:3: 744 daAuts
     D:2: 596 daAuts
     D:1: 592 daAuts
